 Dungeon Crawl Stone Soup version 0.20.1-1-g8b1a95d (webtiles) character file.

736 Monsterracer the Conjurer (level 7, -2/36 HPs)
             Began as a Deep Elf Wizard on Aug 11, 2017.
             Was an Initiate of Vehumet.
             Slain by an orc wizard
             ... wielding a +0 dagger
              (4 damage)
             ... on level 5 of the Dungeon.
             The game lasted 00:14:44 (5762 turns).

Monsterracer the Conjurer (Deep Elf Wizard)         Turns: 5762, Time: 00:14:45

Health: -2/36      AC:  3    Str:  4    XL:     7   Next: 46%
Magic:  8/18       EV: 15    Int: 25    God:    Vehumet [......]
Gold:   258        SH:  0    Dex: 13    Spells: 9/18 levels left

rFire    . . .     SeeInvis .   w - +2 long sword (vamp)
rCold    . . .     Gourm    .   (no shield)
rNeg     + . .     Faith    .   a - +0 robe
rPois    .         Spirit   .   b - +0 hat
rElec    .         Reflect  .   (no cloak)
rCorr    .         Harm     .   (no gloves)
MR       .....                  r - +0 pair of boots
Stlth    ++........             (no amulet)
Regen    0.2/turn               e - ring of positive energy
MPRegen  0.2/turn               m - +2 ring of evasion

@: no status effects
A: no striking features
a: Renounce Religion


You were on level 5 of the Dungeon.
You worshipped Vehumet.
Vehumet was noncommittal.
You were not hungry.

You visited 2 branches of the dungeon, and saw 6 of its levels.

You collected 258 gold pieces.

Inventory:

Hand Weapons
 w - a +2 vampiric long sword (weapon)
Armour
 a - a +0 robe (worn)
 b - a +0 hat (worn)
 r - a +0 pair of boots (worn)
 v - a cursed -1 ring mail
Jewellery
 e - a ring of positive energy (left hand)
 m - a +2 ring of evasion (right hand)
Wands
 u - a wand of clouds (7/9)
Scrolls
 f - a scroll of enchant weapon
 o - 2 scrolls of teleportation
 y - a scroll of remove curse
Potions
 c - 2 potions of haste
 h - a potion of mutation {unknown}
 i - 3 potions of heal wounds
 j - 4 potions of lignification
 l - a potion of agility
 q - a potion of flight {unknown}
 s - a potion of curing {unknown}
 t - a potion of brilliance {unknown}
 x - a potion of resistance {unknown}
Books
 p - a book of Maledictions

   Spells                             Type                      Level
   a - Corona                         Hexes                        1
   b - Ensorcelled Hibernation        Hexes/Ice                    2
   c - Confuse                        Hexes                        3
   d - Tukima's Dance                 Hexes                        3
   e - Dazzling Spray                 Conjuration/Hexes            3
Comestibles
 d - 4 bread rations
 n - a royal jelly
 z - 2 meat rations


   Skills:
 - Level 2.4 Dodging
 - Level 2.4 Stealth
 + Level 6.1 Spellcasting
 * Level 7.5 Conjurations
   Level 1.1 Summonings
 - Level 1.1 Translocations
 + Level 3.3 Fire Magic


You had 9 spell levels left.
You knew the following spells:

 Your Spells              Type           Power        Failure   Level  Hunger
a - Magic Dart            Conj           ####         1%          1    None
b - Conjure Flame         Conj/Fire      ####....     2%          3    None
c - Mephitic Cloud        Conj/Pois/Air  ###.....     8%          3    None
e - Blink                 Tloc           N/A          7%          2    None


Dungeon Overview and Level Annotations

Branches:
Dungeon (5/15)             Temple (1/1) D:4

Altars:
Ashenzari
Cheibriados
Dithmenos
Elyvilon
Fedhas
Gozag
Hepliaklqana
Kikubaaqudgha
Makhleb
Qazlal
Ru
Sif Muna
Vehumet
Xom
Zin
The Shining One


Message History

Something barely misses you. Something hits you.
* * * LOW HITPOINT WARNING * * *
Damage: -3%(-1hp) hp: 17%(6hp)
A magic dart appears from out of thin air!
The magic dart hits you!
* * * LOW HITPOINT WARNING * * *
Huge Dmg: -11%(-4hp) hp: 6%(2hp)
Okay, then.
Okay, then.
Evoke which item? (* to show all) (? for menu, Esc to quit)
Aiming: Cloud Cone (will waste charges)
Press: ? - help, Dir - move target cursor, p - orc priest You create a blast of noxious fumes!
Evoking this partially-identified wand wasted a few charges.
Something hits you but does no damage.
Really walk into that cloud of noxious fumes?
Okay, then.
Something hits you but does no damage. Something hits you.
You die...

................+.....
########.......##.....
....................
...................
...####........#. ##
#........# ##.......#
#.......##
##......@###
....###.§..## ...#.#
#§§§..## ....#.#
#§§§...# ....#..
#§####)#
#.#.......o...
#.#...........
#.#...........
..#......?...#


There were no monsters in sight!

Vanquished Creatures
  Eustachio (D:4)
  A bullfrog (D:5)
  A scorpion (D:5)
  2 crimson imps
  A bullfrog zombie (D:5)
  An orc priest (D:3)
  An orc wizard (D:4)
  Ijyb (D:3)
  Natasha (D:2)
  3 worker ants (D:4)
  8 adders
  A shadow imp (D:5)
  6 worms
  4 dart slugs
  4 leopard geckos
  8 orcs
  A ball python (D:2)
  6 bats
  3 giant cockroaches
  4 goblins
  11 hobgoblins
  4 quokkas
  7 frilled lizards
  A goblin zombie (D:4)
  3 hobgoblin zombies (D:4)
  6 kobolds
  2 kobold zombies (D:4)
  3 orc skeletons (D:4)
  4 rats
99 creatures vanquished.

Notes
Turn   | Place    | Note
-------+----------+-------------------------------------------
     0 | D:1      | Monsterracer the Deep Elf Wizard began the quest for the Orb.
     0 | D:1      | Reached XP level 1. HP: 10/10 MP: 7/7
   217 | D:1      | Reached skill level 2 in Conjurations
   289 | D:1      | Reached XP level 2. HP: 15/15 MP: 2/9
   352 | D:1      | Learned a level 2 spell: Blink
   699 | D:2      | Reached skill level 3 in Conjurations
   827 | D:2      | Found a shadowy altar of Dithmenos.
  1020 | D:2      | Reached XP level 3. HP: 19/19 MP: 5/10
  1025 | D:2      | Learned a level 3 spell: Mephitic Cloud
  1029 | D:2      | Learned a level 3 spell: Conjure Flame
  1387 | D:2      | Noticed Natasha
  1402 | D:2      | HP: 5/19 [white imp/puff of frost[Natasha] (10)]
  1405 | D:2      | HP: 1/19 [crimson imp[Natasha] (2)]
  1795 | D:2      | Killed Natasha
  1795 | D:2      | Reached skill level 4 in Conjurations
  1795 | D:2      | Reached XP level 4. HP: 24/24 MP: 2/12
  2073 | D:3      | Found a burning altar of Makhleb.
  2507 | D:3      | Reached skill level 5 in Conjurations
  2645 | D:3      | Reached XP level 5. HP: 28/28 MP: 8/13
  2770 | D:3      | Noticed Ijyb
  2812 | D:3      | Killed Ijyb
  3157 | D:3      | Found a shattered altar of Ashenzari.
  3157 | D:3      | Found an opulent altar of Gozag.
  3549 | D:4      | Reached skill level 1 in Fire Magic
  3579 | D:4      | Noticed Eustachio
  3598 | D:4      | Killed Eustachio
  3598 | D:4      | Reached skill level 5 in Spellcasting
  3598 | D:4      | Reached skill level 6 in Conjurations
  3598 | D:4      | Reached XP level 6. HP: 32/32 MP: 0/16
  3790 | D:4      | Found a staircase to the Ecumenical Temple.
  3808 | Temple   | Entered the Ecumenical Temple
  4440 | D:4      | Found a radiant altar of Vehumet.
  4443 | D:4      | Became a worshipper of Vehumet
  4472 | D:4      | HP: 16/32 [poisoned by a worker ant]
  4479 | D:4      | HP: 15/32 [poisoned by a worker ant]
  4487 | D:4      | HP: 14/32 [poisoned by a worker ant]
  4802 | D:4      | Reached XP level 7. HP: 31/36 MP: 8/17
  4946 | D:4      | Found a glowing golden altar of the Shining One.
  5179 | D:5      | Entered Level 5 of the Dungeon
  5205 | D:5      | Reached skill level 7 in Conjurations
  5415 | D:5      | Noticed a hippogriff
  5714 | D:5      | Found a snail-covered altar of Cheibriados.
  5753 | D:5      | HP: 18/36 [something (4)]
  5757 | D:5      | HP: 7/36 [something (2)]
  5760 | D:5      | HP: 2/36 [something/magic dart (4)]
  5762 | D:5      | Slain by an orc wizard

Skill      XL: |  1  2  3  4  5  6  7 |
---------------+----------------------+-----
Conjurations   | 2 3 4 5 6 7 |  7.5
Fire Magic     | 2 3 |  3.3
Spellcasting   | 5 6 |  6.1
Dodging        | |  2.4
Stealth        | |  2.4
Summonings     | |  1.1
Translocations | |  1.1

Action                   |  1- 3 |  4- 6 |  7- 9 || total
-------------------------+-------+-------+-------++-------
Melee: Whip              |     2 |     4 |       ||     6
       Rapier            |       |     7 |    11 ||    18
       Long sword        |       |       |     9 ||     9
 Cast: Magic Dart        |    78 |   163 |    69 ||   310
       Mephitic Cloud    |     2 |     7 |     4 ||    13
       Conjure Flame     |     1 |       |     2 ||     3
       Blink             |     1 |       |     1 ||     2
Evoke: Wand              |       |       |     1 ||     1
  Use: Scroll            |     3 |     5 |     3 ||    11
  Eat: Chunk             |     1 |    11 |     3 ||    15
       Bread ration      |       |       |     1 ||     1
Armor: Robe              |     1 |     5 |     5 ||    11
Dodge: Dodged            |    12 |    36 |    24 ||    72
       Rpst.: Long sword |       |       |     7 ||     7
